 Dungeon Crawl Stone Soup version 0.20.1-1-g8b1a95d (webtiles) character file.

18 Tr0llz0r the Vexing (level 2, 0/23 HPs)
             Began as a Centaur Arcane Marksman on Aug 30, 2017.
             Slain by an adder (1 damage)
             ... on level 1 of the Dungeon on Sept 20, 2017.
             The game lasted 00:09:02 (2079 turns).

Tr0llz0r the Vexing (Centaur Arcane Marksman)       Turns: 2079, Time: 00:09:02

Health: 0/23       AC:  4    Str: 12    XL:     2   Next: 48%
Magic:  3/3        EV: 10    Int: 12    God:
Gold:   66         SH:  0    Dex:  9    Spells: 2/3 levels left

rFire    . . .     SeeInvis .   a - +0 hand crossbow
rCold    . . .     Gourm    .   (no shield)
rNeg     . . .     Faith    .   e - +0 robe
rPois    .         Spirit   .   (no helmet)
rElec    .         Reflect  .   (no cloak)
rCorr    .         Harm     .   (no gloves)
MR       .....                  (no barding)
Stlth    +.........             (no amulet)
Regen    0.1/turn               (no ring)
MPRegen  0.1/turn               (no ring)

@: lethally poisoned (0 -> -8), fainting, very quick
A: hooves 3, deformed body, speed 2, tough skin 3
a: no special abilities


You were on level 1 of the Dungeon.
You were fainting.

You visited 1 branch of the dungeon, and saw 1 of its levels.

You collected 66 gold pieces.

Inventory:

Hand Weapons
 a - a +0 hand crossbow (weapon)
 b - a +0 dagger of speed
Missiles
 d - 15 bolts (quivered)
Armour
 e - a +0 robe (worn)
Scrolls
 j - 2 scrolls of teleportation {unknown}
 l - a scroll of blinking {unknown}
 m - a scroll of random uselessness {unknown}
Potions
 g - a potion of resistance {unknown}
Books
 c - a book of Debilitation

   Spells                             Type                      Level
   a - Corona                         Hexes                        1
   b - Slow                           Hexes                        2
   c - Inner Flame                    Hexes/Fire                   3
   d - Portal Projectile              Hexes/Translocation          3
   e - Cause Fear                     Hexes                        4
   f - Leda's Liquefaction            Hexes/Earth                  4
Comestibles
 f - a bread ration
 i - a royal jelly
 n - 3 fruits


   Skills:
 + Level 1.2 Fighting
 + Level 2.4 Crossbows
 + Level 1.6 Dodging
 + Level 1.0 Spellcasting
 + Level 3.1 Hexes


You had 2 spell levels left.
You knew the following spells:

 Your Spells              Type           Power        Failure   Level  Hunger
a - Corona                Hex            #......      9%          1    ##.....


Dungeon Overview and Level Annotations

Branches:
Dungeon (1/15)

Altars:


Innate Abilities, Weirdness & Mutations

You have hooves in place of feet.
Armour fits poorly on your strangely shaped body.
You cover ground very quickly.
You have extremely tough skin. (AC +3)


Message History

You are more poisoned.
The adder poisons you! The adder bites you.
You feel sick. The adder bites you.
You are lethally poisoned!
The adder poisons you!
You feel sick. The adder bites you but does no damage.
You feel sick. The adder bites you but does no damage. The adder bites you.
* * * LOW HITPOINT WARNING * * *
* * * LOW HITPOINT WARNING * * *
You feel sick. The adder barely misses you.
* * * LOW HITPOINT WARNING * * *
You feel sick. The adder barely misses you.
The adder bites you but does no damage.
* * * LOW HITPOINT WARNING * * *
You feel sick. The adder barely misses you. The adder bites you.
You die...

.....>.# #.# .......# #.##
.......# #..## .......#
##...# .......###..#.#
.......#...##.###########
........[####.......>...#
.........####......(#####
............#...@S)##
...................#
...#..##.###.......#
......##.###.......#
#......#..###......#
..###..##.###.#...###########
.)###.......................#
.......##.....#.#..#####....#
.#####.###.#....#..# #..####


You could see an adder.

Vanquished Creatures
  4 goblins (D:1)
  2 hobgoblins (D:1)
  A ball python (D:1)
  4 bats (D:1)
  2 frilled lizards (D:1)
  A kobold (D:1)
  6 rats (D:1)
20 creatures vanquished.

Notes
Turn   | Place    | Note
-------+----------+-------------------------------------------
     0 | D:1      | Tr0llz0r the Centaur Arcane Marksman began the quest for the Orb.
     0 | D:1      | Reached XP level 1. HP: 16/16 MP: 2/2
    76 | D:1      | Reached skill level 3 in Hexes
   232 | D:1      | Reached XP level 2. HP: 21/23 MP: 3/3
  1966 | D:1      | Paralysed by fainting for 7 turns
  2002 | D:1      | Paralysed by fainting for 7 turns
  2037 | D:1      | Paralysed by fainting for 8 turns
  2046 | D:1      | Paralysed by fainting for 12 turns
  2077 | D:1      | HP: 1/23 [poisoned by an adder]
  2079 | D:1      | Slain by an adder

Skill      XL: |  1 |
---------------+----+-----
Hexes          | 3 |  3.1
Fighting       | |  1.2
Crossbows      | |  2.4
Dodging        | |  1.6
Spellcasting   | |  1.0

Action                   || total
-------------------------++-------
Melee: Hand crossbow     ||    35
       Kick              ||     6
 Fire: Hand crossbow     ||    43
 Cast: Corona            ||     1
  Use: Potion            ||     4
Armor: Robe              ||   121
Dodge: Dodged            ||   149
